 Dungeon Crawl Stone Soup version 0.31-a0-596-g831eee08f1 (webtiles) character file.

Game seed: 3430337737260836541

189 Zonian the Changeling (level 5, -2/41 HPs)
             Began as a Merfolk Shapeshifter on Aug 20, 2023.
             Slain by an iron imp (11 damage)
             ... summoned by Eustachio
             ... on level 4 of the Dungeon.
             The game lasted 00:05:53 (3143 turns).

Zonian the Changeling (Merfolk Shapeshifter)        Turns: 3143, Time: 00:05:54

Health: -2/41      AC:  2    Str: 18    XL:     5   Next: 68%
Magic:  5/5        EV: 13    Int:  7    God:
Gold:   198        SH:  0    Dex: 14    Spells: 4/4 levels left

rFire   + .          .
                       - Unarmed
rCold   x . .        (no shield)
rNeg    . . .        a - +0 animal skin
rPois   .            (helmet currently unavailable)
rElec   .            (cloak currently unavailable)
rCorr   .            (gloves currently unavailable)
SInv    .            (boots currently unavailable)
Will    .....        (no amulet)
Stlth   +            q - ring of fire
HPRegen 0.26/turn    (no ring)
MPRegen 0.09/turn

%: no passive effects
@: beast-form
A: beast (slay +3), (nimble swimmer 2), mertail
a: Begin Untransformation


You were on level 4 of the Dungeon.
You were a hulking beast.
You visited 1 branch of the dungeon, and saw 4 of its levels.

You collected 198 gold pieces.

Inventory:

Armour
 a - a +0 animal skin (worn)
Jewellery
 q - a ring of fire (left hand)
Talismans
 c - a beast talisman (active)
 d - a flux talisman
 n - a granite talisman
Wands
 r - a wand of polymorph (6)
Scrolls
 g - 4 scrolls of teleportation {unknown}
 h - 2 scrolls of immolation {unknown}
 j - 2 scrolls of blinking {unknown}
 p - a scroll of fear {unknown}
Potions
 b - a potion of lignification
 f - a potion of cancellation
 i - 2 potions of curing
 k - a potion of enlightenment
 l - 2 potions of haste
 m - 2 potions of mutation
 o - a potion of brilliance {unknown}


   Skills:
 + Level 3.0 Fighting
 + Level 4.4 Dodging
 + Level 4.3 Unarmed Combat
 + Level 5.0 Shapeshifting


You had 4 spell levels left.
You didn't know any spells.
Your spell library contained the following spells:

 Spells                   Type           Power      Damage    Failure   Level
 Magic Dart               Conj           0%         1d3       43%         1
 Summon Small Mammal      Summ           0%         N/A       43%         1
 Call Imp                 Summ           0%         N/A       56%         2
 Call Canine Familiar     Summ           0%         N/A       80%         3
 Gell's Gravitas          Tloc           0%         N/A       80%         3
 Mephitic Cloud           Conj/Pois/Air  0%         N/A       80%         3
 Summon Guardian Golem    Hex/Summ       0%         N/A       80%         3
 Teleport Other           Tloc           0%         N/A       80%         3
 Dispersal                Tloc           0%         N/A       100%        6


Dungeon Overview and Level Annotations

Branches:
Dungeon (4/15)
 Temple: D:4-7

Altars:
Kikubaaqudgha
Wu Jian

Annotations:
D:4 Eustachio


Innate Abilities, Weirdness & Mutations

You are a hulking beast.
Your limbs bulge with bestial killing power. (Slay +3)
((You are very nimble when in or above water. (Stealth+, EV+, Speed+++)))
Your lower body shifts to a powerful aquatic tail in water.


Message History

The ufetubus closely misses you. The ufetubus hits you.
The iron imp closely misses you. The rat closely misses you.
You barely miss the iron imp.
The iron imp is severely wounded.
The ufetubus barely misses you. The ufetubus closely misses you.
The iron imp completely misses you. The rat closely misses you.
The ufetubus hits you. x2
Unknown command.
You hit the iron imp but do no damage.
The iron imp is severely wounded.
Eustachio gestures wildly while chanting.
Eustachio blinks!
The ufetubus closely misses you. The ufetubus completely misses you.
The rat closely misses you. The iron imp hits you.
Unknown command.
You closely miss the iron imp.
The iron imp is severely wounded.
The ufetubus hits you. The ufetubus misses you.
The rat bites you but does no damage.
Unknown command.
You completely miss the iron imp.
The iron imp is severely wounded.
The ufetubus barely misses you. The ufetubus hits you.
The iron imp closely misses you. The ufetubus closely misses you.
The ufetubus hits you.
* * * LOW HITPOINT WARNING * * *
The rat barely misses you.
You hit the iron imp.
The iron imp is almost dead.
Eustachio mumbles some strange words.
Eustachio blinks!
The ufetubus misses you. The ufetubus closely misses you.
The iron imp barely misses you.
You hit the iron imp but do no damage.
The iron imp is almost dead.
The ufetubus barely misses you. The ufetubus hits you.
* * * LOW HITPOINT WARNING * * *
The rat bites you.
* * * LOW HITPOINT WARNING * * *
The iron imp hits you!
You die...

#...........#......
##.###).ยง...#......
...
#####............
... ##...........#
....
#......@.@..###.....
#.............#.....
##...5..r...........
##.r5#.............
##5h##............
#....#>..........#
###..............#
#....##..##.#.##
#....##### ## #
###.## ###


You could see Eustachio, an iron imp (summoned), 2 ufetubi and a rat (summoned).

Vanquished Creatures
  An orc wizard (D:3)
  2 gnolls (D:4)
  6 adders
  A dart slug (D:1)
  7 orcs
  8 bats
  5 endoplasms
  4 giant cockroaches (D:1)
  9 goblins
  3 hobgoblins (D:3)
  8 jackals
  5 kobolds
  2 quokkas (D:1)
  9 ball pythons
  2 frilled lizards
  6 rats
78 creatures vanquished.

Notes
Turn   | Place    | Note
-------+----------+-------------------------------------------
     0 | D:1      | Zonian the Merfolk Shapeshifter began the quest for the
                  | Orb.
     0 | D:1      | Reached XP level 1. HP: 15/15 MP: 1/1
   117 | D:1      | Reached XP level 2. HP: 21/21 MP: 2/2
   313 | D:1      | Reached XP level 3. HP: 23/27 MP: 3/3
  1146 | D:2      | Reached XP level 4. HP: 24/33 MP: 4/4
  1874 | D:3      | Reached XP level 5. HP: 37/39 MP: 5/5
  2331 | D:3      | Found an ancient bone altar of Kikubaaqudgha.
  2633 | D:4      | Found an ornate altar of the Wu Jian Council.
  2641 | D:4      | Noticed Eustachio
  2892 | D:4      | Reached skill level 5 in Shapeshifting
  3143 | D:4      | Slain by an iron imp

Illustrated notes

Levels and vault maps discovered:
D:1:      wander_arrival_lonely_grave, layout_rooms
D:2:      layout_basic
D:3:      minmay_general_purpose_star, layout_loops_ring, amcnicky_altar_gilded,
          kennysheep_generic_room_12
D:4:      lemuel_castle_with_subvaults [lemuel_castle_interior_carwin_1],
          layout_cave_pools, nicolae_wu_jian_wuxing_cycle, uniq_sigmund,
          uniq_eustachio

Skill      XL: |  1  2  3  4  5 |
---------------+----------------+-----
Dodging        | 3 4 |  4.4
Fighting       | 2 3 |  3.0
Unarmed Combat | 4 |  4.3
Shapeshifting  | 5 |  5.0

Action                     |  1- 3 |  4- 6 || total
---------------------------+-------+-------++-------
  Melee: Unarmed           |    82 |   136 ||   218
         Punch             |     3 |     3 ||     6
    Use: Potion            |       |     1 ||     1
         Scroll            |       |     5 ||     5
   Stab: Sleeping          |     3 |       ||     3
 Armour: Animal skin       |    11 |    15 ||    26
         Skin              |       |    15 ||    15
  Dodge: Dodged            |    60 |    98 ||   158

Table legend: (Time is in decaauts)
 A = Elapsed time spent in this place.
 B = Non-inter-level travel time spent in this place.
 C = Inter-level travel time spent in this place.
 D = Time resting spent in this place.
 E = Time spent auto-exploring this place.
 F = Levels seen in this place.
 G = Mean time per level.
                   A        B        C        D        E       F      G
               +--------+--------+--------+--------+--------+-----+--------+
         Total |   3124 |   3033 |     91 |    509 |   1941 |   4 |  781.0 |
       Dungeon |   3124 |   3033 |     91 |    509 |   1941 |   4 |  781.0 |
               +--------+--------+--------+--------+--------+-----+--------+

Top non-repeatable levels by time:
     D:3: 1241 daAuts
     D:2: 849 daAuts
     D:1: 538 daAuts
     D:4: 494 daAuts
